| TOP OF THE 1ST |
|
Oklahoma City Dodgers batting - Pitching for Iowa Cubs : LHP Jose Carrillo
|
|
Pitching: LHP Jose Carrillo
|
|
|
Batting: RHB Theo Schepers
|
0-0: Called Strike 0-1: Called Strike 0-2: DOUBLE (Line Drive, 89D, EV 113.1 MPH)
|
|
Batting: RHB Jose Ramirez
|
0-0: Ball Theo Schepers is caught stealing 3rd base 2-5 1-0: Fly out, F8 (Flyball, 89S, EV 86.2 MPH)
|
|
Batting: RHB Tommy Hunter
|
0-0: Ball 1-0: Ground out U3 (Groundball, 3, EV 80.6 MPH)
|
| Top of the 1st over - 0 runs, 1 hit, 0 errors, 0 left on base; Oklahoma City 0 - Iowa 0 |
| BOTTOM OF THE 1ST |
|
Iowa Cubs batting - Pitching for Oklahoma City Dodgers : LHP Elijah McLeod
|
|
Pitching: LHP Elijah McLeod
|
|
|
Batting: RHB Frank Caulfield
|
0-0: Ball 1-0: Foul Ball, location: 2F 1-1: Foul Ball, location: 2F 1-2: Foul Ball, location: 2F 1-2: Ball 2-2: Ground out 4-3 (Groundball, 4MS, EV 80.6 MPH)
|
|
Batting: RHB Adam Kelliher
|
0-0: Fly out, F5 (Line Drive, 5L, EV 59.4 MPH)
|
|
Batting: RHB Ryan Walker
|
0-0: Ball 1-0: Ground out U3 (Groundball, 3, EV 87.5 MPH)
|
| Bottom of the 1st over - 0 runs, 0 hits, 0 errors, 0 left on base; Oklahoma City 0 - Iowa 0 |
| TOP OF THE 2ND |
|
Oklahoma City Dodgers batting - Pitching for Iowa Cubs : LHP Jose Carrillo
|
|
Batting: RHB Carlos Gonzalez
|
0-0: Swinging Strike 0-1: Ground out 6-3 (Groundball, 6, EV 81.9 MPH)
|
|
Batting: LHB Steve Pond
|
0-0: Ball 1-0: Foul Ball, location: 2F 1-1: Foul Ball, location: 2F 1-2: Fly out, F8 (Flyball, 8RS, EV 91.9 MPH)
|
|
Batting: RHB Alex Cid
|
0-0: Ground out U3 (Groundball, 34, EV 109.4 MPH)
|
| Top of the 2nd over - 0 runs, 0 hits, 0 errors, 0 left on base; Oklahoma City 0 - Iowa 0 |
| BOTTOM OF THE 2ND |
|
Iowa Cubs batting - Pitching for Oklahoma City Dodgers : LHP Elijah McLeod
|
|
Batting: LHB Mark Ingram
|
0-0: Ball 1-0: Called Strike 1-1: Ball 2-1: Foul Ball, location: 2F 2-2: Strikes out swinging
|
|
Batting: RHB Brad Santanello
|
0-0: Swinging Strike 0-1: Ball 1-1: Foul Ball, location: 2F 1-2: Foul Ball, location: 2F 1-2: Strikes out swinging
|
|
Batting: SHB Karl Starnes
|
0-0: Ball 1-0: Ball 2-0: Called Strike 2-1: Foul Ball, location: 2F 2-2: Foul Ball, location: 2F 2-2: Strikes out swinging
|
| Bottom of the 2nd over - 0 runs, 0 hits, 0 errors, 0 left on base; Oklahoma City 0 - Iowa 0 |
| TOP OF THE 3RD |
|
Oklahoma City Dodgers batting - Pitching for Iowa Cubs : LHP Jose Carrillo
|
|
Batting: LHB Darrell Ortega
|
0-0: Ball 1-0: Foul Ball, location: 2F 1-1: SINGLE (Line Drive, 78M, EV 93.1 MPH)
|
|
Batting: LHB Doug Frampton
|
0-0: Ball 1-0: Fly out, F7 (Flyball, 7D, EV 80.0 MPH)
|
|
Batting: RHB Rick Pittman
|
0-0: Called Strike 0-1: Ball 1-1: SINGLE (Groundball, 15S, EV 64.4 MPH) (infield hit) Darrell Ortega to second
|
|
Batting: RHB Theo Schepers
|
0-0: Ball 1-0: Ball 2-0: Reached on error, E5 (Groundball, 5, EV 76.9 MPH) Darrell Ortega to third Rick Pittman to second
|
|
Batting: RHB Jose Ramirez
|
0-0: Ball 1-0: Ball 2-0: Ball 3-0: Called Strike 3-1: Foul Ball, location: 2F 3-2: Foul Ball, location: 2F 3-2: Foul Ball, location: 2F 3-2: Foul Ball, location: 2F 3-2: Base on Balls Darrell Ortega scores Rick Pittman to third Theo Schepers to second
|
|
Batting: RHB Tommy Hunter
|
0-0: Ball 1-0: Hit by Pitch Rick Pittman scores Theo Schepers to third Jose Ramirez to second
|
|
Batting: RHB Carlos Gonzalez
|
0-0: Ball 1-0: Ball 2-0: Called Strike 2-1: Swinging Strike 2-2: Foul Ball, location: 2F 2-2: Strikes out swinging
|
|
Batting: LHB Steve Pond
|
0-0: Ball 1-0: Ball 2-0: Ball 3-0: Base on Balls Theo Schepers scores Jose Ramirez to third Tommy Hunter to second
|
|
Batting: RHB Alex Cid
|
0-0: Ball 1-0: Called Strike 1-1: Foul Ball, location: 2F 1-2: Ball 2-2: Strikes out swinging
|
| Top of the 3rd over - 3 runs, 2 hits, 1 error, 3 left on base; Oklahoma City 3 - Iowa 0 |
| BOTTOM OF THE 3RD |
|
Iowa Cubs batting - Pitching for Oklahoma City Dodgers : LHP Elijah McLeod
|
|
Batting: RHB Ricardo Aguinaga
|
0-0: Ball 1-0: Ball 2-0: Swinging Strike 2-1: Ball 3-1: Ground out 6-3 (Groundball, 56, EV 90.6 MPH)
|
|
Batting: RHB Tim Long
|
0-0: Called Strike 0-1: Ball 1-1: SINGLE (Groundball, 6M, EV 102.5 MPH) (infield hit)
|
|
Batting: RHB Khalil Stephens
|
0-0: Ball 1-0: Ball 2-0: Called Strike 2-1: Swinging Strike 2-2: Strikes out swinging
|
|
Batting: RHB Frank Caulfield
|
0-0: Foul Ball, location: 2F 0-1: Ball Tim Long steals 2nd base 1-1: Foul Ball, location: 2F 1-2: Ball 2-2: Strikes out looking
|
| Bottom of the 3rd over - 0 runs, 1 hit, 0 errors, 1 left on base; Oklahoma City 3 - Iowa 0 |
| TOP OF THE 4TH |
|
Oklahoma City Dodgers batting - Pitching for Iowa Cubs : LHP Jose Carrillo
|
|
Batting: LHB Darrell Ortega
|
0-0: Ball 1-0: Fly out, F9 (Flyball, 9LM, EV 88.8 MPH)
|
|
Batting: LHB Doug Frampton
|
0-0: Swinging Strike 0-1: SINGLE (Groundball, 34D, EV 97.5 MPH)
|
|
Batting: RHB Rick Pittman
|
0-0: Called Strike 0-1: Ball 1-1: Ball 2-1: Ball 3-1: Called Strike 3-2: Strikes out swinging
|
|
Batting: RHB Theo Schepers
|
0-0: Ball 1-0: Called Strike 1-1: 2-RUN HOME RUN (Flyball, 9LD, EV 91.9 MPH), Distance : 344 ft
|
|
Pitching: RHP Ryan Masterson
|
|
|
Batting: RHB Jose Ramirez
|
0-0: Ball 1-0: Foul Ball, location: 2F 1-1: Ball 2-1: Called Strike 2-2: Fly out, F3 (Popup, 3F, EV 65.0 MPH)
|
| Top of the 4th over - 2 runs, 2 hits, 0 errors, 0 left on base; Oklahoma City 5 - Iowa 0 |
| BOTTOM OF THE 4TH |
|
Iowa Cubs batting - Pitching for Oklahoma City Dodgers : LHP Elijah McLeod
|
|
Batting: RHB Adam Kelliher
|
0-0: Called Strike 0-1: Ball 1-1: SINGLE (Groundball, 56D, EV 96.9 MPH)
|
|
Batting: RHB Ryan Walker
|
0-0: Ball 1-0: Grounds into double play, 6-4-3 (Groundball, 6, EV 81.2 MPH)
|
|
Batting: LHB Mark Ingram
|
0-0: Ball 1-0: Ball 2-0: Called Strike 2-1: Ground out U3 (Groundball, 34, EV 86.2 MPH)
|
| Bottom of the 4th over - 0 runs, 1 hit, 0 errors, 0 left on base; Oklahoma City 5 - Iowa 0 |
| TOP OF THE 5TH |
|
Oklahoma City Dodgers batting - Pitching for Iowa Cubs : RHP Ryan Masterson
|
|
Batting: RHB Tommy Hunter
|
0-0: Called Strike 0-1: Fly out, F6 (Line Drive, 6, EV 68.8 MPH)
|
|
Batting: RHB Carlos Gonzalez
|
0-0: Fly out, F7 (Line Drive, 7LM, EV 86.2 MPH)
|
|
Batting: LHB Steve Pond
|
0-0: Called Strike 0-1: Ball 1-1: Called Strike 1-2: Strikes out swinging
|
| Top of the 5th over - 0 runs, 0 hits, 0 errors, 0 left on base; Oklahoma City 5 - Iowa 0 |
| BOTTOM OF THE 5TH |
|
Iowa Cubs batting - Pitching for Oklahoma City Dodgers : LHP Elijah McLeod
|
|
Batting: RHB Brad Santanello
|
0-0: Called Strike 0-1: Ground out U3 (Groundball, 34, EV 90.0 MPH)
|
|
Batting: SHB Karl Starnes
|
0-0: Called Strike 0-1: Foul Ball, location: 2F 0-2: DOUBLE (Line Drive, 89M, EV 110.0 MPH)
|
|
Batting: RHB Ricardo Aguinaga
|
0-0: Ball 1-0: SINGLE (Groundball, 56D, EV 99.4 MPH) Karl Starnes to third Runner from 3rd tries for Home, SAFE, throw by LF to home Ricardo Aguinaga to second
|
|
Batting: RHB Tim Long
|
0-0: Ball 1-0: Called Strike 1-1: Ground out 6-3 (Groundball, 6D, EV 85.6 MPH)
|
|
Batting: RHB Khalil Stephens
|
0-0: Ground out U3 (Groundball, 3L, EV 90.6 MPH)
|
| Bottom of the 5th over - 1 run, 2 hits, 0 errors, 1 left on base; Oklahoma City 5 - Iowa 1 |
| TOP OF THE 6TH |
|
Oklahoma City Dodgers batting - Pitching for Iowa Cubs : RHP Ryan Masterson
|
|
Batting: RHB Alex Cid
|
0-0: Called Strike 0-1: Ball 1-1: Foul Ball, location: 2F 1-2: Ball 2-2: Foul Ball, location: 2F 2-2: Ground out U3 (Groundball, 3L, EV 91.9 MPH)
|
|
Batting: LHB Darrell Ortega
|
0-0: Ball 1-0: Called Strike 1-1: Foul Ball, location: 2F 1-2: Fly out, F7 (Flyball, 78S, EV 72.5 MPH)
|
|
Batting: LHB Doug Frampton
|
0-0: Ball 1-0: Ball 2-0: Ball 3-0: Called Strike 3-1: Base on Balls
|
|
Batting: RHB Rick Pittman
|
0-0: Ball 1-0: Called Strike 1-1: Called Strike 1-2: Strikes out looking
|
| Top of the 6th over - 0 runs, 0 hits, 0 errors, 1 left on base; Oklahoma City 5 - Iowa 1 |
| BOTTOM OF THE 6TH |
|
Iowa Cubs batting - Pitching for Oklahoma City Dodgers : LHP Elijah McLeod
|
|
Batting: RHB Frank Caulfield
|
0-0: Swinging Strike 0-1: Ball 1-1: Foul Ball, location: 2F 1-2: Ground out 6-3 (Groundball, 6, EV 80.6 MPH)
|
|
Batting: RHB Adam Kelliher
|
0-0: Called Strike 0-1: Ball 1-1: Ground out 5-3 (Groundball, 5S, EV 71.9 MPH)
|
|
Batting: RHB Ryan Walker
|
0-0: Fly out, F6 (Popup, P, EV 86.2 MPH)
|
| Bottom of the 6th over - 0 runs, 0 hits, 0 errors, 0 left on base; Oklahoma City 5 - Iowa 1 |
| TOP OF THE 7TH |
|
Oklahoma City Dodgers batting - Pitching for Iowa Cubs : RHP Ryan Masterson
|
|
Pitching: LHP Nate George
|
|
|
Batting: RHB Theo Schepers
|
0-0: Ball 1-0: Ball 2-0: Fly out, F8 (Flyball, 8LM, EV 80.6 MPH)
|
|
Batting: RHB Jose Ramirez
|
0-0: Foul Ball, location: 2F 0-1: Fly out, F9 (Flyball, 9LS, EV 73.8 MPH)
|
|
Batting: RHB Tommy Hunter
|
0-0: Ground out 1-5-3 (Groundball, 15S, EV 101.2 MPH)
|
| Top of the 7th over - 0 runs, 0 hits, 0 errors, 0 left on base; Oklahoma City 5 - Iowa 1 |
| BOTTOM OF THE 7TH |
|
Iowa Cubs batting - Pitching for Oklahoma City Dodgers : LHP Elijah McLeod
|
|
Batting: LHB Mark Ingram
|
0-0: Called Strike 0-1: Ground out U3 (Groundball, 3, EV 85.0 MPH)
|
|
Batting: RHB Brad Santanello
|
0-0: Foul Ball, location: 2F 0-1: Ball 1-1: Ground out 6-3 (Groundball, 6S, EV 65.0 MPH)
|
|
Batting: SHB Karl Starnes
|
0-0: Ball 1-0: Ball 2-0: SINGLE (Groundball, 6MD, EV 107.5 MPH)
|
|
Batting: RHB Ricardo Aguinaga
|
0-0: Ball 1-0: Foul Ball, location: 2F 1-1: Ball 2-1: Ground out 4-3 (Groundball, 4, EV 84.4 MPH)
|
| Bottom of the 7th over - 0 runs, 1 hit, 0 errors, 1 left on base; Oklahoma City 5 - Iowa 1 |
| TOP OF THE 8TH |
|
Oklahoma City Dodgers batting - Pitching for Iowa Cubs : LHP Nate George
|
|
Pitching: LHP Tom Mooney
|
|
|
Batting: RHB Carlos Gonzalez
|
0-0: Ball 1-0: Ball 2-0: Ground out 6-3 (Groundball, 6, EV 81.2 MPH)
|
|
Batting: LHB Steve Pond
|
0-0: Called Strike 0-1: Ball 1-1: Foul Ball, location: 2F 1-2: Ball 2-2: Ball 3-2: Base on Balls
|
|
Batting: RHB Alex Cid
|
0-0: Swinging Strike 0-1: Fielders Choice at 2nd, 1-6 (Groundball, 13S, EV 70.0 MPH)
|
|
Batting: LHB Darrell Ortega
|
0-0: Ball Alex Cid is caught stealing 2nd base 2-6
|
| Top of the 8th over - 0 runs, 0 hits, 0 errors, 0 left on base; Oklahoma City 5 - Iowa 1 |
| BOTTOM OF THE 8TH |
|
Iowa Cubs batting - Pitching for Oklahoma City Dodgers : LHP Elijah McLeod
|
|
Batting: RHB Tim Long
|
0-0: Fly out, F3 (Popup, 3SF, EV 85.6 MPH)
|
|
Batting: RHB Khalil Stephens
|
0-0: Ball 1-0: Foul Ball, location: 2F 1-1: Ball 2-1: Swinging Strike 2-2: Ball 3-2: SINGLE (Groundball, 56S, EV 63.8 MPH) (infield hit)
|
|
Batting: RHB Frank Caulfield
|
0-0: Ball 1-0: Foul Ball, location: 2F 1-1: Called Strike 1-2: SINGLE (Groundball, 6D, EV 101.9 MPH) Khalil Stephens to second Runner from 2nd tries for 3rd, SAFE, throw by CF made to third
|
|
Batting: RHB Adam Kelliher
|
0-0: Called Strike 0-1: Called Strike 0-2: Foul Ball, location: 2F 0-2: Grounds into double play, 1-6-3 (Groundball, 13S, EV 63.8 MPH)
|
| Bottom of the 8th over - 0 runs, 2 hits, 0 errors, 1 left on base; Oklahoma City 5 - Iowa 1 |
| TOP OF THE 9TH |
|
Oklahoma City Dodgers batting - Pitching for Iowa Cubs : LHP Tom Mooney
|
|
Batting: LHB Darrell Ortega
|
0-0: Called Strike 0-1: Ball 1-1: Ball 2-1: Called Strike 2-2: SINGLE (Groundball, P, EV 82.5 MPH) (infield hit)
|
|
Batting: LHB Doug Frampton
|
0-0: Ball 1-0: Swinging Strike 1-1: Foul Ball, location: 2F 1-2: Foul Ball, location: 2F 1-2: Ball 2-2: Strikes out swinging
|
|
Batting: RHB Rick Pittman
|
0-0: Foul Ball, location: 2F 0-1: Grounds into double play, 6-4-3 (Groundball, 6, EV 80.0 MPH)
|
| Top of the 9th over - 0 runs, 1 hit, 0 errors, 0 left on base; Oklahoma City 5 - Iowa 1 |
| BOTTOM OF THE 9TH |
|
Iowa Cubs batting - Pitching for Oklahoma City Dodgers : LHP Elijah McLeod
|
|
Batting: RHB Ryan Walker
|
0-0: Ground out 5-3 (Groundball, 56, EV 86.9 MPH)
|
|
Batting: LHB Mark Ingram
|
0-0: Ball 1-0: Fly out, F8 (Flyball, 8RD, EV 102.5 MPH)
|
|
Batting: RHB Brad Santanello
|
0-0: Swinging Strike 0-1: Ball 1-1: Swinging Strike 1-2: Strikes out swinging
|
| Bottom of the 9th over - 0 runs, 0 hits, 0 errors, 0 left on base; Oklahoma City 5 - Iowa 1 |
|